Merl, neutral female human Valkyrie ----------- |.........| |.........| |..<[...... ------.--+-##### ######### # ## ---------.-- |..........| |...........## |..........| ------------ Merl the Skirmisher Experience level: 5 Strength: 15 Dexterity: 14 Constitution: 18 Intelligence: 7 Wisdom: 12 Charisma: 9 Health: 0(54) Energy: 13(13) Def: 4 Gold: 625 Moves: 2216 Dungeon seed: XFjxMXW9gHpozrhG Game ID: Merl_1525002069 Your Inventory: Coins $ - 625 gold pieces Weapons a - a +1 long sword (weapon in hand) b - a +0 dagger (in quiver) i - a +0 orcish dagger B - a cursed -3 dagger Armor e - an uncursed +3 small shield (being worn) n - an uncursed +0 pair of gauntlets of dexterity q - an uncursed +0 leather cloak r - an uncursed +0 alchemy smock y - an uncursed +0 elven mithril-coat z - an uncursed +0 dwarvish iron helm N - an uncursed +0 pair of iron shoes Comestibles c - 3 uncursed food rations s - 2 uncursed lembas wafers x - an uncursed slime mold Scrolls f - an uncursed scroll of amnesia g - an uncursed scroll of charging k - a cursed scroll of teleportation p - an uncursed scroll of scare monster u - a blessed scroll of destroy armor Potions h - a cursed potion of levitation l - an uncursed potion of paralysis m - an uncursed potion of fruit juice t - an uncursed potion of gain energy v - an uncursed potion of monster detection Rings o - an uncursed ring of regeneration Spells and supernatural/magical abilities: Name Level Category Fail Memory W - pray for help -- divine ? -- Your skills at the end: Fighting Skills Weapon Skills dagger [Basic] long sword [Basic] Spellcasting Skills Final Attributes: You were piously aligned. You were cold resistant. You were invulnerable. You were blinded. You were stealthy. You were lucky. You are dead. Vanquished creatures: a fog cloud a yellow light 2 little dogs a dwarf a homunculus a kobold lord 4 dwarf zombies 3 iguanas a gas spore a hobbit 3 cave spiders a red mold a gnome zombie a gecko 6 jackals 2 foxes 2 goblins 2 grid bugs a bat 2 lichens 2 kobold zombies 5 newts 44 creatures vanquished. Voluntary challenges: You had been an atheist until turn 2215. You used a wielded weapon 58 times, starting on turn 1. You read items or engraved 1 time, starting on turn 1653. You never genocided any monsters. You never polymorphed an object. You never changed form. You used no wishes. You never split a pudding. You never wrote Elbereth's name. You never violated your personal moral code. Dungeon overview: The Dungeons of Doom: levels 1 to 7 Level 1 a fountain a long staircase Level 2 stairs to The Gnomish Mines Level 3 a fountain, a sink Level 4 a fountain Level 5 a fountain, a sink Level 6 a delicatessen, a fountain Level 7 <- You were here The Gnomish Mines: Level 3 stairs to The Dungeons of Doom History has recorded: On T:1 you entered the Dungeons of Doom to retrieve the Amulet of Yendor! On T:86 you reached level 2 of The Dungeons of Doom. On T:386 you advanced to experience level 2. On T:480 you reached level 1 of The Gnomish Mines. On T:550 you reached level 3 of The Dungeons of Doom. On T:560 you reached level 4 of The Dungeons of Doom. On T:838 you advanced to experience level 3. On T:1223 you advanced to experience level 4. On T:1279 you reached level 5 of The Dungeons of Doom. On T:1773 you reached level 6 of The Dungeons of Doom. On T:2003 you reached level 7 of The Dungeons of Doom. On T:2108 you advanced to experience level 5. Score breakdown: Gold: 625 ( 9512 points) Experience: 5 levels (11141 points) Exploration: 7 levels ( 14.89%) (10834 points) Discoveries: 0 items ( 0.00%) ( 0 points) Valuables value: (no points given unless you survive) Artifact value: 0 ( 0 points) Variety of kills: 22 monsters ( 5.77%) ( 7208 points) Turncount: 2216 turns ( -152 points) Survival: died (score multiplied by 80%) Total score: 30834 Latest messages: The fox bites! You miss the fox. The fox bites! The fox misses. You kill the fox! You hit the yellow light. The yellow light explodes! You are blinded by a blast of light! You finish waiting. It misses. It bites! You hit it. It bites! (2x) You hear a nearby zap. You stop waiting. The magic missile hits you! Valkyrie, your life force is running out. You begin praying to Odin. You hear a nearby zap. The magic missile hits you! You die... Final status: Farvel Merl the Valkyrie, killed by a magic missile, while praying... You died in The Dungeons of Doom on dungeon level 7 with 30834 points, and 625 pieces of gold, after 2216 moves. You were level 5 with a maximum of 54 hit points when you died.